 Dungeon Crawl Stone Soup version 0.24.0-37-gcf1ca852f1 (webtiles) character file.

Game seed: 17350524492157490587, levelgen mode: deterministic

5 Descartes the Grasshopper (level 1, -1/9 HPs)
             Began as a Felid Warper on Nov 27, 2019.
             Slain by a hobgoblin
             ... wielding a +0 club
              (4 damage)
             ... on level 1 of the Dungeon.
             The game lasted 00:00:54 (345 turns).

Descartes the Grasshopper (Felid Warper)             Turns: 345, Time: 00:00:55

Health: -1/9       AC:  1    Str:  7    XL:     1   Next: 66%
Magic:  4/4        EV: 18    Int: 14    God:
Gold:   11         SH:  0    Dex: 15    Spells: 4/4 levels left
                                        Lives:  0   Deaths: 0

rFire    . . .     SeeInvis +     - Unarmed
rCold    . . .     Gourm    .   (shield unavailable)
rNeg     . . .     Faith    .   (armour unavailable)
rPois    .         Spirit   .   (helmet unavailable)
rElec    .         Reflect  .   (cloak unavailable)
rCorr    .         Harm     .   (gloves unavailable)
MR       .....                  (boots unavailable)
Stlth    ++........             (no amulet)
HPRegen  0.03/turn              (no ring)
MPRegen  0.09/turn              (no ring)

@: quick
A: very small, no armour, no weapons or thrown items, stealth, claws 1, fangs 3,
see invisible, carnivore, speed 1, shaggy fur 1, slow metabolism 1, sharp paws
a: no special abilities


You were on level 1 of the Dungeon.
You were not hungry.

You visited 1 branch of the dungeon, and saw 1 of its levels.

You collected 11 gold pieces.

Inventory:

Missiles
 d - 17 arrows
 f - a stone
Scrolls
 a - a scroll of identify {unknown}
 b - a scroll of blinking
 e - a scroll of magic mapping {unknown}
Comestibles
 c - 4 rations


   Skills:
 + Level 2.0 Fighting
 + Level 3.3 Dodging
 + Level 0.4 Stealth
 * Level 2.1 Unarmed Combat
 + Level 2.0 Spellcasting
   Level 4.4 Translocations


You had 4 spell levels left.
You didn't know any spells.
Your spell library contained the following spells:

 Spells                   Type           Power        Failure   Level  Hunger
 Blink                    Tloc           N/A          6%          2    ###....
 Gell's Gravitas          Tloc           ##........   12%         3    ####...
 Lesser Beckoning         Tloc           ##........   12%         3    ####...
 Teleport Other           Tloc           ##......     12%         3    ####...
 Shroud of Golubria       Chrm/Tloc      #.....       14%         2    ###....
 Passage of Golubria      Tloc           N/A          36%         4    #####..


Dungeon Overview and Level Annotations

Branches:
Dungeon (1/15)

Altars:


Innate Abilities, Weirdness & Mutations

You cannot wear armour.
You are incapable of wielding weapons or throwing items.
Your paws allow you to move quietly. (Stealth)
You have sharp claws.
You have razor-sharp teeth.
You have supernaturally acute eyesight. (SInv)
You are carnivorous and can eat meat at any time.
You cover ground quickly.
You are covered in fur. (AC +1)
You have a slow metabolism.
Your sharp claws are effective at attacking unaware monsters.


Message History

A hobgoblin comes into view. It is wielding a +0 club.
The goblin shouts!
The hobgoblin shouts!
The goblin closely misses you.
Found a scroll labeled JEISTE XUOBAEG and a scroll labeled XUGOEPH HETET.
There is an open door here.
You barely miss the goblin. The goblin closely misses you.
You barely miss the goblin. The goblin completely misses you.
You closely miss the goblin. The goblin misses you.
You scratch the goblin.
The goblin is moderately wounded.
You scratch the goblin.
You kill the goblin!
You barely miss the hobgoblin. Your bite misses the hobgoblin.
The hobgoblin hits you with a +0 club.
Ouch! That really hurt!
You are too injured to fight recklessly!
You are too injured to fight recklessly!
You are too injured to fight recklessly!
You barely miss the hobgoblin. The hobgoblin hits you with a +0 club.
You die...

#?...?.......#
#............#
#............##
#..............
#.............#
#............
#.....)?g.# #@#
####### #.#
#.....# #.#
#.###.# #.# #.#
#.# #.# #.#
#.##### #.# #.#
#...... #[# #.#
####### #.# #.#
#.# #.#


You could see a hobgoblin.

Vanquished Creatures
  A bat (D:1)
  A goblin (D:1)
  2 kobolds (D:1)
4 creatures vanquished.

Notes
Turn   | Place    | Note
-------+----------+-------------------------------------------
     0 | D:1      | Descartes the Felid Warper began the quest for the Orb.
     0 | D:1      | Reached XP level 1. HP: 9/9 MP: 4/4
   345 | D:1      | Slain by a hobgoblin

Levels and vault maps discovered:
D:1:      lightli_arrival_windingriver, layout_basic

Action                   || total
-------------------------++-------
Melee: Unarmed           ||    18
       Punch             ||     1
       Bite              ||     1
Armor: Skin              ||     1
Dodge: Dodged            ||    14
